 Dungeon Crawl Stone Soup version 0.18.1-6-gd335043 (webtiles) character file.

8 Gargoyl the Skirmisher (level 2, 23/24 HPs)
             Began as a Demonspawn Abyssal Knight on May 19, 2016.
             Was a Follower of Lugonu.
             Quit the game on level 1 of the Dungeon.
             The game lasted 00:05:20 (573 turns).

Gargoyl the Skirmisher (Demonspawn Abyssal Knight)   Turns: 573, Time: 00:05:21

Health: 23/24      AC:  8    Str: 12    XL:     2   Next: 0%
Magic:  3/3        EV:  5    Int: 13    God:    Lugonu [*.....]
Gold:   37         SH:  0    Dex: 12    Spells: 0 memorised, 1 level left

rFire  . . .     SeeInvis .     a - +1 hand axe
rCold  . . .     Gourm    .     e - +0 chain mail
rNeg   . . .     Faith    .     (no shield)
rPois  .         Spirit   +     (no helmet)
rElec  .         Dismiss  .     (no cloak)
rCorr  .         Reflect  .     (no gloves)
SustAt .         Harm     .     (no boots)
MR     .....                    (no amulet)
Stlth  ..........               (no ring)
                                (no ring)

@: not resistant to hostile enchantments, extremely unstealthy
A: magic shield
a: Depart the Abyss, Renounce Religion


You were on level 1 of the Dungeon.
You worshipped Lugonu.
Lugonu was aware of your devotion.
You were not hungry.

You visited 1 branch of the dungeon, and saw 1 of its levels.
You visited the Abyss 1 time.

You collected 37 gold pieces.

Inventory:

Hand Weapons
 a - a +1 hand axe (weapon)
Armour
 e - a +0 chain mail (worn)
Scrolls
 b - a scroll of remove curse {unknown}
 f - a scroll of acquirement {unknown}
 g - a scroll of enchant armour {unknown}
 h - a scroll of identify {unknown}
 i - a scroll of teleportation {unknown}
 j - a scroll of enchant weapon {unknown}
Potions
 d - a potion of haste {unknown}
Comestibles
 c - a bread ration


   Skills:
 + Level 3.2 Fighting
 + Level 1.7 Axes
 * Level 2.1 Armour
 + Level 0.8 Dodging
 + Level 2.5 Invocations


You had one spell level left.
You didn't know any spells.

Dungeon Overview and Level Annotations

Branches:
Dungeon (1/15)

Altars:


Innate Abilities, Weirdness & Mutations

When hurt, damage is shared between your health and your magic reserves.


Message History

A bat comes into view.
Found a sapphire potion.
A bat is nearby!
The bat hits you but does no damage.
You closely miss the bat. The bat hits you.
The bat hits you but does no damage. x2
You hit the bat.
The bat is severely wounded.
The bat hits you but does no damage.
You slash the bat!
You kill the bat!
Lugonu accepts your kill.
You have reached level 2!
Your demonic ancestry asserts itself...
You feel your magical essence form a protective shroud around your flesh.
(D) Dungeon
Where to? (? - help)
Okay, then.
You pace your travel speed to your slowest ally.
Are you sure you want to abandon this character and quit the game? (Confirm with "yes".)

....... ...... ###.
....... ... ######...#...
.### !.#.......... ...# ##
#.........# .#.###..
..##.##.# ........
#..#.##†# .......#
#..#.##@#
..(....####...##.####
>#...........>......#
..#####..##.........#####.
..........................
######....##........#.....
###....######.............
†...######................
..........................


There were no monsters in sight!

Vanquished Creatures
  A giant gecko (D:1)
  A hobgoblin (D:1)
  A kobold (D:1)
  2 bats (D:1)
  3 rats (D:1)
8 creatures vanquished.

Notes
Turn   | Place    | Note
--------------------------------------------------------------
     0 | Abyss:1  | Gargoyl the Demonspawn Abyssal Knight began the quest for the Orb.
     0 | Abyss:1  | Reached XP level 1. HP: 18/18 MP: 2/2
   112 | Abyss:1  | Noticed a large abomination
   135 | Abyss:1  | Noticed a large abomination
   155 | Abyss:1  | Noticed a kobold demonologist
   174 | Abyss:1  | Noticed an insubstantial wisp
   187 | Abyss:1  | Noticed a worldbinder
   269 | Abyss:3  | Noticed a small abomination
   291 | D:1      | Escaped the Abyss
   557 | D:1      | Reached * piety under Lugonu
   572 | D:1      | Gained mutation: When hurt, damage is shared between your health and your magic reserves. [demonic ancestry]
   572 | D:1      | Reached XP level 2. HP: 23/24 MP: 3/3
   573 | D:1      | Quit the game

Skill      XL: |  1 |
---------------+----+-----
Armour         | 2 |  2.1
Fighting       | |  3.2
Axes           | |  1.7
Dodging        | |  0.8
Invocations    | |  2.5

Action                   || total
-------------------------++-------
Melee: Hand axe          ||    30
Invok: Depart the Abyss  ||     1
Armor: Chain mail        ||    24
Dodge: Dodged            ||    10
